 Dungeon Crawl Stone Soup version 0.31.0-32-g396128a36d (webtiles) character file.

Game seed: 2602977057182031055

84 spaghetti the Charlatan (level 4, -3/38 HPs)
             Began as a Naga Artificer on Mar 14, 2024.
             Was an Initiate of Ashenzari.
             Slain by a gnoll
             ... wielding a +0 halberd
              (12 damage)
             ... on level 3 of the Dungeon.
             The game lasted 00:03:08 (1850 turns).

spaghetti the Charlatan (Naga Artificer)            Turns: 1850, Time: 00:03:08

Health: -3/38      AC:  4    Str: 14    XL:     4   Next: 45%
Magic:  6/6        EV:  9    Int: 13    God:    Ashenzari [......]
Gold:   117        SH:  0    Dex: 12    Spells: 6/6 levels left

rFire   . . .        g - +0 dagger of the Cursed Firmament {elec, Range, Sorc} (curse)
rCold   . . .        (no shield)
rNeg    . . .        b - +0 leather armour
rPois   +            (no helmet)
rElec   .            (no cloak)
rCorr   .            f - +0 pair of gloves
SInv    +            (no barding)
Will    .....        (no amulet)
Stlth   +            (no ring)
HPRegen 0.26/turn    (no ring)
MPRegen 0.10/turn

%: no passive effects
@: attractive, very slow
A: AC +1, large, see invisible, deformed body, poison resistance, slowness 2,
spit poison 1, naga tail 1
a: Spit Poison, Renounce Religion, Shatter the Chains


You were on level 3 of the Dungeon.
You worshipped Ashenzari.
Ashenzari was noncommittal.
You visited 1 branch of the dungeon, and saw 3 of its levels.

You collected 117 gold pieces.

Inventory:

Hand Weapons
 a - a +0 club
 g - the cursed +0 dagger of the Cursed Firmament (weapon) {elec, Range, Sorc}
   (You took it off a goblin on level 1 of the Dungeon)

   It has a curse which improves the following skills: Ranged Combat: Ranged
   Weapons and Throwing.
   Sorcery:   Conjurations and Alchemy.
Armour
 b - a +0 leather armour (worn)
 f - a +0 pair of gloves (worn)
Wands
 c - a wand of flame (7)
 d - a wand of charming (9)
 e - a wand of iceblast (4)
Scrolls
 h - a scroll of butterflies
 j - a scroll of silence {unknown}
Potions
 i - a potion of brilliance


   Skills:
 - Level 1.0 Fighting
 - Level 1.5 Armour
 - Level 0.7 Dodging
 - Level 1.5 Stealth
 + Level 1.8 Spellcasting
 + Level 4.5 Evocations


You had 6 spell levels left.
You didn't know any spells.
Your spell library contained the following spells:

 Spells                   Type           Power      Damage    Failure   Level
 Apportation              Tloc           2%         N/A       32%         1
 Necrotise                Necr           4%         1d4       32%         1
 Sting                    Conj/Alch      4%         1d3       32%         1
 Summon Small Mammal      Summ           4%         N/A       32%         1
 Call Canine Familiar     Summ           1%         N/A       67%         3
 Summon Blazeheart Golem  Fire/Summ      1%         N/A       97%         4


Dungeon Overview and Level Annotations

Branches:
Dungeon (3/15)

Altars:
Ashenzari


Innate Abilities, Weirdness & Mutations

Your serpentine skin is tough. (AC +1)
You have supernaturally acute eyesight. (SInv)
Armour fits poorly on your strangely shaped body.
Your system is resistant to poisons. (rPois)
You cover ground very slowly.
You can spit poison.
You have a snake-like lower body.


Message History

Aiming: Charm
Press: ? - help, Shift-Dir - straight line, f - adder
Aim: an adder (chance to affect: 68%)
The adder is charmed.
The dart slug is attracted toward you. The gnoll is attracted toward you.
The dart slug launches a dart at you. The slug dart hits your adder.
The dart slug is attracted toward you. x2
The gnoll is attracted toward you. What are your orders? t - Shout!
Orders for allies: a - Attack new target. p - Attack previous target. r - Retreat! s - Stop attacking. g - Guard the area. f - Follow me.
Anything else - Cancel.
Gang up on whom?
Press: ? - help, Dir - move target, f - dart slug, p - adder
Aim: a dart slug (ally target) Attack!
Your adder bites the dart slug.
The dart slug launches a dart at you. The slug dart hits your adder.
The dart slug bites you.
Your adder bites the dart slug. x2
The dart slug launches a dart at you. The slug dart hits your adder.
Your adder dies!
The dart slug is attracted toward you. The gnoll is attracted toward you.
Aiming: Charm
Press: ? - help, Shift-Dir - straight line, f/p - dart slug
Aim: a dart slug (heavily wounded, chance to affect: 76%)
The dart slug is charmed.
The dart slug launches a dart at you. The slug dart hits your dart slug.
Your dart slug launches a dart at the dart slug.
The slug dart hits the dart slug.
The dart slug dies!
The gnoll is attracted toward you.
The gnoll hits you from afar with a +0 halberd!
* * * LOW HITPOINT WARNING * * *
Your dart slug bites the gnoll.
The gnoll hits you from afar with a +0 halberd!
You die...

######## ## #......# ..
#......# .. #......#
..###############.[....#
#######
..'gw§.†.§..§wg.@......#
#......
..)##############......#
#.##### .#.......#
#####'## #.# ........#
##'### #.# .........#
#....# #.# .........#
#....# #.# .........#
#....# #.# ...###+###
#....# #.# .#.#
#....###.#


You could see a gnoll and a friendly dart slug (charmed).

Vanquished Creatures
  A gnoll (D:3)
  3 adders
  An orc (D:3)
  4 endoplasms
  A giant cockroach (D:2)
  4 goblins (D:1)
  3 hobgoblins
  5 jackals
  3 quokkas
  3 ball pythons (D:1)
  3 bats
  A frilled lizard (D:2)
  3 kobolds
  4 rats (D:2)
39 creatures vanquished.

Vanquished Creatures (collateral kills)
  A dart slug (D:3)
1 creature vanquished.

Vanquished Creatures (others)
  2 adders
  A goblin (D:2)
3 creatures vanquished.

Grand Total: 43 creatures vanquished

Notes
Turn   | Place    | Note
-------+----------+-------------------------------------------
     0 | D:1      | spaghetti the Naga Artificer began the quest for the Orb.
     0 | D:1      | Reached XP level 1. HP: 18/18 MP: 1/1
   293 | D:1      | Reached XP level 2. HP: 24/25 MP: 2/2
   895 | D:2      | Reached skill level 4 in Evocations
   932 | D:2      | HP: 1/25 [poisoned by an adder]
   933 | D:2      | Reached XP level 3. HP: 2/31 MP: 3/3
  1012 | D:2      | Reached skill level 1 in Spellcasting
  1097 | D:2      | Found a faded altar of an unknown god.
  1114 | D:2      | Prayed at the altar of an unknown god.
  1114 | D:2      | Became a worshipper of Ashenzari the Shackled
  1543 | D:2      | Reached XP level 4. HP: 28/38 MP: 4/6
  1850 | D:3      | Slain by a gnoll

Illustrated notes

Levels and vault maps discovered:
D:1:      psy_arrival_basics, layout_basic
D:2:      layout_basic, basic_ecumenical_altar
D:3:      layout_basic, zin_statuary, nicolae_overflow_hidden_temple,
          chequers_arboretum, st_stairs_2

Skill      XL: |  1  2  3 |
---------------+----------+-----
Evocations     | 4 |  4.5
Spellcasting   | 1 |  1.8
Fighting       | |  1.0
Armour         | |  1.5
Dodging        | |  0.7
Stealth        | |  1.5

Action                     |  1- 3 |  4- 6 || total
---------------------------+-------+-------++-------
  Melee: Club              |     9 |       ||     9
         Dagger            |    82 |    28 ||   110
         Punch             |     2 |       ||     2
 Invoke: Curse Item        |     1 |       ||     1
Ability: Spit Poison       |    19 |     3 ||    22
  Evoke: Wand              |    12 |     3 ||    15
    Use: Scroll            |     4 |       ||     4
         Potion            |     2 |     1 ||     3
 Armour: Leather armour    |    79 |    24 ||   103
  Dodge: Dodged            |    56 |    18 ||    74
